[Event "Wednesday Jan 24 Engine Tour 15 Rd Swiss 12m+1s Starts at 1600hrs ST"]
[Site "Infinity Chess"]
[Date "2018.1.24"]
[Round "8"]
[White "RonWeasley"]
[Black "ocirema"]
[Result "1/2-1/2"]
[ECO "B97"]
[WhiteElo "2515"]
[BlackElo "2443"]
[WhiteEngine "BrainFish 130117_CTG"]
[BlackEngine "stockfish_18012314_x64_modern_CTG"]
[EventType "Swiss"]
[WhiteTeam ""]
[BlackTeam ""]
[PlyCount "85"]
[TimeControl "720+1"]

1. e4 c5 2. Nf3 d6 3. d4 cxd4 4. Nxd4 Nf6 5. Nc3 a6 6. Bg5 e6 7. f4 Qb6 
8. Qd2 Qxb2 9. Rb1 Qa3 10. e5 h6 11. Bh4 dxe5 12. fxe5 Nfd7 13. Ne4 Qxa2 
14. Rd1 Qd5 15. Qe3 Bc5 16. Nxe6 Bb4+ 17. c3 Qxe6 18. cxb4 O-O 19. Rd6 Qa2 
20. Be2 Qb1+ 21. Kf2 Qxb4 22. Rd4 Qb6 23. Rhd1 Nc6 24. Rxd7 Qxe3+ 25. Kxe3 Bxd7 
26. Rxd7 Nxe5 27. Rxb7 Rfe8 28. Bg3 a5 29. Bxe5 Rxe5 30. Bc4 a4 31. Rxf7 Kh8 
32. Rf2 a3 33. Kd4 Re7 34. Ra2 Rd8+ 35. Ke3 Ra8 36. Kd4 Rc7 37. g3 Ra5 
38. Kc3 g5 39. Kb3 Rb7+ 40. Kc3 Rc7 41. Kb3 Rb7+ 42. Kc2 Rc7 43. Kb3 1/2-1/2

[Event "Wednesday Jan 24 Engine Tour 15 Rd Swiss 12m+1s Starts at 1600hrs ST"]
[Site "Infinity Chess"]
[Date "2018.1.24"]
[Round "7"]
[White "BraveDevil"]
[Black "KULLANI"]
[Result "1/2-1/2"]
[ECO "D10"]
[WhiteElo "2382"]
[BlackElo "2412"]
[WhiteEngine "Cryptic AIL V2"]
[BlackEngine "BrainFish_180113_x64_CTG"]
[EventType "Swiss"]
[WhiteTeam ""]
[BlackTeam ""]
[PlyCount "58"]
[TimeControl "720+1"]

1. d4 d5 2. c4 c6 3. cxd5 cxd5 4. Bf4 Nc6 5. e3 Nf6 6. Nc3 a6 7. Bd3 Bg4 
8. Nge2 Bh5 9. O-O e6 10. Na4 Bg6 11. Rc1 Be7 12. Bxg6 hxg6 13. Qb3 Na5 
14. Qc2 Nc6 15. h3 Rc8 16. Nc5 Qb6 17. Rb1 O-O 18. Rfc1 Qa7 19. Qd1 Nb4 
20. a3 Nc6 21. Rc2 Na5 22. Rbc1 Rc6 23. Nd3 Rfc8 24. Rxc6 bxc6 25. a4 Qb7 
26. Bg5 Bd6 27. Bf4 Be7 28. Bg5 Bd6 29. Bf4 Be7 1/2-1/2

[Event "Wednesday Jan 24 Engine Tour 15 Rd Swiss 12m+1s Starts at 1600hrs ST"]
[Site "Infinity Chess"]
[Date "2018.1.24"]
[Round "7"]
[White "Dovahkiin"]
[Black "Dinkelberger"]
[Result "1/2-1/2"]
[ECO ""]
[WhiteElo "2431"]
[BlackElo "2409"]
[WhiteEngine "BrainFish_180113_x64_modern_CTG"]
[BlackEngine "stockfish_18011309_x64_modern_CTG"]
[EventType "Swiss"]
[WhiteTeam ""]
[BlackTeam ""]
[PlyCount "324"]
[TimeControl "720+1"]

1. e3 e6 2. d3 Nf6 3. d4 b6 4. Nf3 Bb7 5. c4 d5 6. Nc3 Bd6 7. b3 O-O 8. Bb2 c5 
9. dxc5 Bxc5 10. cxd5 Nxd5 11. Bc4 Bb4 12. Bxd5 Qxd5 13. Qxd5 Bxd5 14. O-O Bb7 
15. Rfd1 Nc6 16. Rd7 Ba6 17. a3 Bxc3 18. Bxc3 Rac8 19. Bb2 f6 20. Rad1 e5 
21. h4 h5 22. R1d2 Rfd8 23. Rxd8+ Rxd8 24. Rxd8+ Nxd8 25. Nd2 Nb7 26. Bc3 Kf7 
27. f3 Ke6 28. Kf2 Nc5 29. e4 Nd3+ 30. Ke3 Nf4 31. Kf2 Ne2 32. Bb2 Nf4 
33. Bc3 Kd6 34. b4 Nd3+ 35. Ke3 Nf4 36. Kf2 Bb5 37. g3 Ng6 38. Ke3 Ke6 
39. Bb2 Nh8 40. f4 Nf7 41. fxe5 fxe5 42. Nf3 Ba4 43. Ng5+ Nxg5 44. hxg5 Bc6 
45. Bc3 Kd6 46. Kd3 Ba4 47. Ke2 Bc6 48. Kf3 Bd7 49. Ke3 Bb5 50. Bd2 Ke6 
51. Be1 Ba4 52. Bc3 Bb5 53. Kd2 Be8 54. Ke3 Bc6 55. Be1 Ba4 56. Kd3 Bb3 
57. Bc3 Bd1 58. Ke3 Bb3 59. Kd3 Kd6 60. Be1 Bd1 61. Ke3 Bg4 62. a4 Be6 
63. Bc3 Bf7 64. a5 Bg8 65. Bb2 Bb3 66. Kf3 Bd1+ 67. Ke3 Ba4 68. Kf3 Bd7 
69. Ba3 Bg4+ 70. Ke3 Bd7 71. Kf2 Bb5 72. Bb2 Be8 73. Bc3 Bc6 74. Kf3 Ke6 
75. Bb2 Bb5 76. Bc3 Bd3 77. Bd2 Kd6 78. Bc3 Bc4 79. Ke3 Ke6 80. Kf3 Bd3 
81. Be1 Kd6 82. Bc3 Bc2 83. Ke3 Bb3 84. Bb2 Bd1 85. Kd2 Ba4 86. Ke3 Ke6 
87. Kd3 Bb5+ 88. Kc2 Bc6 89. Kd3 Kd6 90. Bc3 Bd7 91. Ke3 Bb5 92. Bb2 Ba6 
93. Kf3 Bb5 94. Ke3 Bc6 95. Bc3 Ke6 96. Kf3 Kd6 97. Ke3 Ke6 98. Bb2 Bb5 
99. Kf3 Be8 100. Bc3 Bc6 101. Bd2 Kd6 102. Be3 Kc7 103. Bd2 Bb5 104. Bc1 Bd7 
105. Bb2 Kd6 106. Kf2 Be6 107. Ke3 Bc8 108. Kf3 Bg4+ 109. Ke3 Bd7 110. Ba3 Kc6 
111. axb6 axb6 112. Bb2 Kd6 113. Kf3 Be6 114. Ba3 Bg4+ 115. Ke3 Bd7 116. Kf3 Bb5 
117. Bb2 g6 118. Bc3 Bd3 119. Ke3 Bb5 120. Kf3 Bc6 121. Ke3 Ba4 122. Bd2 Ke6 
123. Kf3 Bd1+ 124. Ke3 Kd6 125. Bc3 Ba4 126. Ba1 Bd1 127. Bb2 Ke6 128. Bc3 Ba4 
129. Kf3 Bd1+ 130. Ke3 Kd6 131. Bb2 Ba4 132. Kf3 Be8 133. Bc3 Ba4 134. Bb2 Bc6 
135. Bc3 Bd7 136. Ba1 Bg4+ 137. Ke3 Ke6 138. Bb2 Kd6 139. Ba1 Bd7 140. Kf3 Ke6 
141. Bc3 Ba4 142. Be1 Bd1+ 143. Ke3 Bc2 144. b5 Ba4 145. Kf3 Bxb5 146. Bf2 Bd7 
147. Bxb6 Ba4 148. Ke3 Bd1 149. Kd3 Ba4 150. Ke2 Kd7 151. Ke3 Bd1 152. Kd2 Bb3 
153. Ke3 Bd1 154. Ba5 Kd6 155. Bb4+ Ke6 156. Ba5 Bc2 157. Bc7 Ba4 158. Bb6 Bc2 
159. Bc7 Bb3 160. Kf3 Ba4 161. Bb6 Kd7 162. Ke3 Bd1 1/2-1/2

[Event "Wednesday Jan 24 Engine Tour 15 Rd Swiss 12m+1s Starts at 1600hrs ST"]
[Site "Infinity Chess"]
[Date "2018.1.24"]
[Round "7"]
[White "angriff"]
[Black "Thinker"]
[Result "1/2-1/2"]
[ECO "D30"]
[WhiteElo "2429"]
[BlackElo "2422"]
[WhiteEngine "Stockfish SL FA POPCNT_CTG"]
[BlackEngine "BrainFish_180113_x64_modern_CTG"]
[EventType "Swiss"]
[WhiteTeam ""]
[BlackTeam ""]
[PlyCount "56"]
[TimeControl "720+1"]

1. d4 d5 2. c4 e6 3. Nf3 Nf6 4. Nc3 c6 5. e3 Nbd7 6. Qc2 Bd6 7. b3 O-O 8. Be2 b6 
9. O-O Bb7 10. Bb2 Qe7 11. Rfe1 Rfe8 12. e4 Nxe4 13. Nxe4 dxe4 14. Qxe4 Nf6 
15. Qc2 Rad8 16. Rad1 Bb4 17. Rf1 c5 18. a3 Be4 19. Bd3 Bxf3 20. gxf3 Ba5 
21. Kh1 b5 22. dxc5 Qxc5 23. b4 Qh5 24. bxa5 Qxf3+ 25. Kg1 Qg4+ 26. Kh1 Qf3+ 
27. Kg1 Qg4+ 28. Kh1 Qf3+ 1/2-1/2

[Event "Wednesday Jan 24 Engine Tour 15 Rd Swiss 12m+1s Starts at 1600hrs ST"]
[Site "Infinity Chess"]
[Date "2018.1.24"]
[Round "7"]
[White "SkyPilot"]
[Black "MarioDeMonti"]
[Result "1/2-1/2"]
[ECO "B90"]
[WhiteElo "2478"]
[BlackElo "2438"]
[WhiteEngine "stockfish_x64_bmi2_2018_01_13_CTG"]
[BlackEngine "stockfish_x64_bmi2_2018_01_13_CTG"]
[EventType "Swiss"]
[WhiteTeam ""]
[BlackTeam ""]
[PlyCount "123"]
[TimeControl "720+1"]

1. e4 c5 2. Nf3 d6 3. d4 cxd4 4. Nxd4 Nf6 5. Nc3 a6 6. Be3 e5 7. Nb3 Be6 
8. f3 h5 9. Qd2 Nbd7 10. Nd5 Bxd5 11. exd5 g6 12. O-O-O Nb6 13. Qa5 Bh6 
14. Bxh6 Rxh6 15. Qd2 Rh8 16. Na5 Qc7 17. c4 Kf8 18. Kb1 Kg7 19. Bd3 Nbd7 
20. Rc1 Rae8 21. Rhe1 Nb8 22. Rf1 b6 23. Nb3 Nbd7 24. f4 a5 25. Qc3 Rc8 
26. f5 g5 27. Qd2 Rhg8 28. Na1 Qc5 29. Nc2 Kh7 30. Be2 g4 31. Na3 Ne4 
32. Qc2 Qe3 33. Rfe1 Ndc5 34. Bxg4 Qd3 35. Bxh5 Rxg2 36. Qxd3 Nxd3 
37. Rxe4 Rxb2+ 38. Ka1 Rxh2 39. Rd1 Nc5 40. Bf3 Nxe4 41. Bxe4 Kg7 42. Nb5 Rh6 
43. Bd3 Kf8 44. Rb1 Ke7 45. Na7 Ra8 46. Nc6+ Kf6 47. Rxb6 Rh3 48. Be2 Re3 
49. Rb2 Rh8 50. c5 dxc5 51. Bb5 Rh1+ 52. Rb1 Rh2 53. Rd1 Rf3 54. d6 Rff2 
55. d7 Rxa2+ 56. Kb1 Rhb2+ 57. Kc1 Rc2+ 58. Kb1 Rcb2+ 59. Kc1 Rc2+ 60. Kb1 Rab2+ 
61. Ka1 Ra2+ 62. Kb1 1/2-1/2

[Event "Wednesday Jan 24 Engine Tour 15 Rd Swiss 12m+1s Starts at 1600hrs ST"]
[Site "Infinity Chess"]
[Date "2018.1.24"]
[Round "7"]
[White "miguello"]
[Black "ocirema"]
[Result "0-1"]
[ECO "D02"]
[WhiteElo "2391"]
[BlackElo "2429"]
[WhiteEngine "stockfish_18012314_x64_modern_CTG"]
[BlackEngine "stockfish_18012314_x64_modern_CTG"]
[EventType "Swiss"]
[WhiteTeam ""]
[BlackTeam ""]
[PlyCount "168"]
[TimeControl "720+1"]

1. d4 d5 2. Nf3 Nf6 3. c4 e6 4. Nc3 c6 5. Bg5 h6 6. Bh4 dxc4 7. e4 g5 8. Bg3 b5 
9. Be2 Bb7 10. h4 g4 11. Ne5 Nbd7 12. Bxg4 Nxe5 13. Bxe5 Rg8 14. Bf3 Nd7 
15. Bg3 Qb6 16. O-O O-O-O 17. a4 e5 18. axb5 cxb5 19. Bh2 exd4 20. Nd5 Bxd5 
21. exd5 a5 22. b3 c3 23. Bh5 Bb4 24. Bxf7 Rg7 25. Be6 Kb7 26. Re1 Nc5 
27. Qxd4 Nxe6 28. Qxb6+ Kxb6 29. Rxe6+ Kc5 30. Rxh6 Rxd5 31. Bf4 Re7 
32. Rh8 Red7 33. Rc8+ Kb6 34. Kh2 Rf5 35. g3 Rxf4 36. gxf4 Kb7 37. Re8 c2 
38. Rc1 Rd2 39. Re5 Kb6 40. Re8 Kb7 41. Re5 Ba3 42. Rxb5+ Ka6 43. Rxc2 Rxc2 
44. Re5 Bc1 45. Kg2 Bxf4 46. Re8 Rc6 47. Kh3 Bd2 48. Kg4 Rg6+ 49. Kf3 Rb6 
50. Ke2 Bh6 51. Ra8+ Kb5 52. f4 Bxf4 53. Rd8 Bh6 54. Rd4 Re6+ 55. Kd1 Rc6 
56. h5 Rc5 57. Rg4 Rxh5 58. Kc2 Rh3 59. Kb2 Rf3 60. Kc2 Rf4 61. Rg6 Rh4 
62. Kd1 Rh2 63. Rg4 Rd2+ 64. Ke1 Rb2 65. Rg8 Kb4 66. Rg4+ Kxb3 67. Rg3+ Kc4 
68. Rg4+ Kd3 69. Ra4 Bf8 70. Ra1 Rh2 71. Ra4 Bb4+ 72. Kf1 Bc5 73. Rg4 Rh1+ 
74. Kg2 Rg1+ 75. Kh3 Rxg4 76. Kxg4 Ke4 77. Kh5 a4 78. Kg4 a3 79. Kh5 a2 
80. Kg6 a1=Q 81. Kf7 Qe5 82. Kg8 Qg5+ 83. Kf7 Kf5 84. Ke8 Qe7# 0-1

[Event "Wednesday Jan 24 Engine Tour 15 Rd Swiss 12m+1s Starts at 1600hrs ST"]
[Site "Infinity Chess"]
[Date "2018.1.24"]
[Round "7"]
[White "hafaba"]
[Black "Marsell"]
[Result "1/2-1/2"]
[ECO "A06"]
[WhiteElo "2441"]
[BlackElo "2496"]
[WhiteEngine "Stockfish SL FA POPCNT_CTG"]
[BlackEngine "asmFishW_2018-01-11_popcnt"]
[EventType "Swiss"]
[WhiteTeam ""]
[BlackTeam ""]
[PlyCount "138"]
[TimeControl "720+1"]

1. Nf3 d5 2. d4 Nf6 3. c4 e6 4. Nc3 c6 5. e3 Nbd7 6. Bd3 dxc4 7. Bxc4 b5 
8. Bd3 Bb7 9. a3 a6 10. b4 a5 11. Rb1 Bd6 12. O-O O-O 13. Qc2 axb4 14. axb4 Qe7 
15. e4 e5 16. Ne2 Bxb4 17. Ng3 g6 18. dxe5 Ng4 19. e6 fxe6 20. Bg5 Qc5 
21. Qb3 Nde5 22. Qxe6+ Rf7 23. Nxe5 Nxe5 24. Be2 Bc8 25. Qb3 Ba5 26. Ra1 Nc4 
27. Bxc4 bxc4 28. Qe3 Qe5 29. Kh1 Rb8 30. Qc1 Qc3 31. Ne2 Qxc1 32. Rfxc1 Bb6 
33. f3 Ra7 34. Rab1 Ra2 35. Nd4 Rb7 36. Nxc6 Bc5 37. h4 Rxb1 38. Rxb1 c3 
39. Rb3 Ra3 40. Rb5 Bf8 41. Rb1 Kf7 42. Bf4 Bc5 43. Ne5+ Ke8 44. Nc4 Ra4 
45. Ne3 Be6 46. Kh2 Ra2 47. Rc1 Bd4 48. Nc2 Bg7 49. Nb4 Ra8 50. Kg3 Rc8 
51. Kf2 Kf7 52. Ke3 Bb3 53. Nc2 Rd8 54. Ke2 Bc4+ 55. Ke1 Bb3 56. Rd1 Rg8 
57. Rc1 Rd8 58. g3 Ba4 59. Ke2 Bb5+ 60. Kf2 Ba4 61. Ke1 Rd7 62. Ke2 Bb5+ 
63. Kf2 Ba4 64. g4 Ke6 65. Be3 Be5 66. Ke2 Bb5+ 67. Kf2 Ba4 68. Ke2 Bb5+ 
69. Kf2 Ba4 1/2-1/2

[Event "Wednesday Jan 24 Engine Tour 15 Rd Swiss 12m+1s Starts at 1600hrs ST"]
[Site "Infinity Chess"]
[Date "2018.1.24"]
[Round "7"]
[White "star99"]
[Black "RonWeasley"]
[Result "1/2-1/2"]
[ECO "C00"]
[WhiteElo "2433"]
[BlackElo "2518"]
[WhiteEngine "Cryptic AIL V2"]
[BlackEngine "BrainFish 130117_CTG"]
[EventType "Swiss"]
[WhiteTeam ""]
[BlackTeam ""]
[PlyCount "113"]
[TimeControl "720+1"]

1. e4 e6 2. Nc3 d5 3. d4 Nf6 4. e5 Nfd7 5. f4 c5 6. Nf3 Nc6 7. Be3 cxd4 
8. Nxd4 Qb6 9. Qd2 Qxb2 10. Rb1 Qa3 11. Bb5 Nxd4 12. Bxd4 a6 13. Bxd7+ Bxd7 
14. Rb3 Qe7 15. Rxb7 Rc8 16. O-O Qd8 17. f5 exf5 18. Qd3 Bc5 19. Bxc5 Rxc5 
20. Nxd5 Bc8 21. Re7+ Kf8 22. Qa3 Qa5 23. Qxa5 Rxa5 24. Rc7 Be6 25. Nf4 Rxe5 
26. Nxe6+ Rxe6 27. Rxf5 Re7 28. Rc8+ Re8 29. Rc7 Re7 30. Rc8+ Re8 31. Rfc5 Ke7 
32. R8c6 g6 33. Rxa6 Rc8 34. Re5+ Kf8 35. Re2 Kg7 36. Kf2 Rhd8 37. Ke1 Rb8 
38. a4 Rb1+ 39. Kf2 Rc8 40. a5 Rc3 41. Rb6 Ra1 42. a6 Rca3 43. c4 Rxa6 
44. Rxa6 Rxa6 45. Ke3 Re6+ 46. Kd2 Rxe2+ 47. Kxe2 Kf6 48. g3 Ke6 49. Ke3 Ke5 
50. Kd3 h5 51. h3 f6 52. Ke3 g5 53. h4 gxh4 54. gxh4 f5 55. c5 Ke6 56. Kd4 f4 
57. Ke4 1/2-1/2

[Event "Wednesday Jan 24 Engine Tour 15 Rd Swiss 12m+1s Starts at 1600hrs ST"]
[Site "Infinity Chess"]
[Date "2018.1.24"]
[Round "6"]
[White "Dinkelberger"]
[Black "BraveDevil"]
[Result "1/2-1/2"]
[ECO "C65"]
[WhiteElo "2410"]
[BlackElo "2381"]
[WhiteEngine "stockfish_18011309_x64_modern_CTG"]
[BlackEngine "Cryptic AIL V2"]
[EventType "Swiss"]
[WhiteTeam ""]
[BlackTeam ""]
[PlyCount "52"]
[TimeControl "720+1"]

1. e4 e5 2. Nf3 Nc6 3. Bb5 Nf6 4. O-O Nxe4 5. d4 Nd6 6. Bxc6 dxc6 7. dxe5 Nf5 
8. Qxd8+ Kxd8 9. Nc3 Be7 10. Rd1+ Ke8 11. b3 Nh4 12. Nxh4 Bxh4 13. Ne2 Be7 
14. Be3 h5 15. Nd4 Bd7 16. Rd2 c5 17. Ne2 Bf5 18. Ng3 Bg6 19. Rad1 b6 20. f3 Rd8 
21. Rxd8+ Bxd8 22. c4 c6 23. Ne2 Bf5 24. Ng3 Bg6 25. Ne2 Bf5 26. Ng3 Bg6 1/2-1/2

[Event "Wednesday Jan 24 Engine Tour 15 Rd Swiss 12m+1s Starts at 1600hrs ST"]
[Site "Infinity Chess"]
[Date "2018.1.24"]
[Round "6"]
[White "Satria_Ungu"]
[Black "star99"]
[Result "0-1"]
[ECO "A05"]
[WhiteElo "2381"]
[BlackElo "2419"]
[WhiteEngine "Houdini 6"]
[BlackEngine "Cryptic AIL V2"]
[EventType "Swiss"]
[WhiteTeam ""]
[BlackTeam ""]
[PlyCount "134"]
[TimeControl "720+1"]

1. Nf3 Nf6 2. d4 e6 3. c4 b6 4. g3 Bb7 5. Bg2 Be7 6. Nc3 Ne4 7. Bd2 O-O 8. d5 f5 
9. h4 Nxd2 10. Qxd2 a5 11. O-O Na6 12. Rad1 Nc5 13. a3 a4 14. Qc2 Qe8 15. e3 Bf6 
16. Nd4 c6 17. dxe6 dxe6 18. Rfe1 Kh8 19. e4 Bxd4 20. Rxd4 e5 21. exf5 exd4 
22. Rxe8 Raxe8 23. Nd1 d3 24. Qc3 Rxf5 25. Qb4 Rf7 26. Qxb6 Re1+ 27. Kh2 Ne6 
28. Bxc6 d2 29. Bxb7 Rxd1 30. Be4 Rf1 31. Bc2 R7xf2+ 32. Kh3 Re2 33. Qb8+ Rf8 
34. Qb4 Re3 35. Kg2 Rd8 36. Bd1 h6 37. c5 Re1 38. Bxa4 h5 39. Kf2 d1=Q 
40. Bxd1 Rexd1 41. Qb6 R8d2+ 42. Ke3 Nd4 43. Ke4 Nc2 44. c6 Re2+ 45. Kf3 Re8 
46. Kg2 Rd2+ 47. Kh3 Re1 48. g4 Re3+ 49. Qxe3 hxg4+ 50. Kg3 Nxe3 51. c7 Rg2+ 
52. Kf4 Nd5+ 53. Ke4 Nxc7 54. Kf5 Rxb2 55. Kxg4 Ra2 56. a4 Rxa4+ 57. Kf3 Rxh4 
58. Ke3 Nd5+ 59. Kd2 Rh3 60. Kc2 Re3 61. Kd1 g5 62. Kc1 g4 63. Kb1 g3 64. Ka2 g2 
65. Kb2 g1=Q 66. Kc2 Qf2+ 67. Kb1 Re1# 0-1

[Event "Wednesday Jan 24 Engine Tour 15 Rd Swiss 12m+1s Starts at 1600hrs ST"]
[Site "Infinity Chess"]
[Date "2018.1.24"]
[Round "6"]
[White "KULLANI"]
[Black "SkyPilot"]
[Result "0-1"]
[ECO "B90"]
[WhiteElo "2427"]
[BlackElo "2463"]
[WhiteEngine "BrainFish_180113_x64_CTG"]
[BlackEngine "stockfish_x64_bmi2_2018_01_13_CTG"]
[EventType "Swiss"]
[WhiteTeam ""]
[BlackTeam ""]
[PlyCount "104"]
[TimeControl "720+1"]

1. e4 c5 2. Nf3 d6 3. d4 cxd4 4. Nxd4 Nf6 5. Nc3 a6 6. Be3 e5 7. Nb3 Be6 
8. f3 h5 9. Qd2 Nbd7 10. Nd5 Bxd5 11. exd5 g6 12. Be2 Bg7 13. O-O b6 14. c4 O-O 
15. Rae1 Re8 16. Bf2 Qc7 17. Bd3 Kh7 18. a4 Bh6 19. Qd1 Rab8 20. Re2 Bg5 
21. Qe1 Nc5 22. Nxc5 bxc5 23. Bc2 Kg7 24. b3 Qd7 25. Qa5 h4 26. Qxa6 Nh5 
27. Be1 Ra8 28. Qb5 Qe7 29. Bc3 Reb8 30. Qc6 Qd8 31. Rfe1 Bf6 32. a5 h3 
33. g3 e4 34. Bxf6+ Nxf6 35. fxe4 Rxa5 36. e5 dxe5 37. d6 Rb6 38. Qc7 Qxd6 
39. Qxd6 Rxd6 40. Rb1 Ra2 41. Bd3 Rxe2 42. Bxe2 Ne4 43. Bg4 Ng5 44. Rb2 f5 
45. Be2 Ra6 46. Kf2 Ra1 47. Ke3 Rh1 48. Bf3 Nxf3 49. Kxf3 e4+ 50. Ke3 Kf6 
51. b4 cxb4 52. c5 Ke5 0-1

[Event "Wednesday Jan 24 Engine Tour 15 Rd Swiss 12m+1s Starts at 1600hrs ST"]
[Site "Infinity Chess"]
[Date "2018.1.24"]
[Round "6"]
[White "Thinker"]
[Black "Dovahkiin"]
[Result "1/2-1/2"]
[ECO "C11"]
[WhiteElo "2422"]
[BlackElo "2431"]
[WhiteEngine "BrainFish_180113_x64_modern_CTG"]
[BlackEngine "BrainFish_180113_x64_modern_CTG"]
[EventType "Swiss"]
[WhiteTeam ""]
[BlackTeam ""]
[PlyCount "77"]
[TimeControl "720+1"]

1. e4 e6 2. d4 d5 3. Nc3 Nf6 4. e5 Nfd7 5. f4 c5 6. Nf3 Nc6 7. Be3 cxd4 
8. Nxd4 Qb6 9. Qd2 Qxb2 10. Rb1 Qa3 11. Bb5 Nxd4 12. Bxd4 a6 13. Bxd7+ Bxd7 
14. Rb3 Qe7 15. Rxb7 Rc8 16. O-O Qd8 17. Qe3 Rc4 18. Rfb1 Be7 19. f5 Bg5 
20. Qd3 O-O 21. f6 Bc6 22. Bb6 Qe8 23. Re7 Qb8 24. Bd4 Rb4 25. Rb3 a5 26. g3 Bh6 
27. Kf2 Qc8 28. h4 Qb8 29. Kg2 Rd8 30. Ra7 a4 31. Rxb4 Qxb4 32. a3 Qxa3 
33. Qa6 Qc1 34. Qxc6 Qxc2+ 35. Kf1 Qc1+ 36. Kf2 Qc2+ 37. Kf1 Qc1+ 38. Kg2 Qc2+ 
39. Kf1 1/2-1/2

[Event "Wednesday Jan 24 Engine Tour 15 Rd Swiss 12m+1s Starts at 1600hrs ST"]
[Site "Infinity Chess"]
[Date "2018.1.24"]
[Round "6"]
[White "ocirema"]
[Black "MarioDeMonti"]
[Result "1/2-1/2"]
[ECO "C77"]
[WhiteElo "2429"]
[BlackElo "2438"]
[WhiteEngine "stockfish_18012314_x64_modern_CTG"]
[BlackEngine "stockfish_x64_bmi2_2018_01_13_CTG"]
[EventType "Swiss"]
[WhiteTeam ""]
[BlackTeam ""]
[PlyCount "93"]
[TimeControl "720+1"]

1. e4 e5 2. Nf3 Nc6 3. Bb5 a6 4. Ba4 Nf6 5. O-O Be7 6. Re1 b5 7. Bb3 O-O 
8. h3 Bb7 9. d3 d5 10. exd5 Nxd5 11. Nxe5 Nd4 12. Nd2 c5 13. Ndf3 Nxb3 
14. axb3 f6 15. Ng4 Re8 16. Ne3 Bf8 17. Nxd5 Qxd5 18. Be3 Rad8 19. Bf4 g5 
20. Rxe8 Rxe8 21. Be3 Qe6 22. d4 Rd8 23. c3 g4 24. hxg4 Qxg4 25. Ne1 Qh4 
26. Qd3 Bd6 27. Qf5 cxd4 28. cxd4 Kf7 29. f4 Kg8 30. Qe6+ Kg7 31. d5 Bc8 
32. Qe4 Qg4 33. b4 h5 34. Nf3 Bf5 35. Qd4 h4 36. Nh2 Qe2 37. Bf2 h3 38. Rxa6 Kf7 
39. Ra7+ Rd7 40. Rxd7+ Bxd7 41. Nf3 Bf5 42. Qa7+ Kg8 43. Qa8+ Kf7 44. Qb7+ Kg8 
45. Qa8+ Kf7 46. Qb7+ Kg8 47. Qa8+ 1/2-1/2

[Event "Wednesday Jan 24 Engine Tour 15 Rd Swiss 12m+1s Starts at 1600hrs ST"]
[Site "Infinity Chess"]
[Date "2018.1.24"]
[Round "6"]
[White "incredible"]
[Black "Marsell"]
[Result "0-1 "]
[ECO "C55"]
[WhiteElo "2447"]
[BlackElo "2481"]
[WhiteEngine "Stockfish_x64_bmi2"]
[BlackEngine "asmFishW_2018-01-11_popcnt"]
[EventType "Swiss"]
[WhiteTeam ""]
[BlackTeam ""]
[PlyCount "70"]
[TimeControl "720+1"]

1. e4 e5 2. Nf3 Nc6 3. Bc4 Nf6 4. d3 Bc5 5. c3 d6 6. O-O O-O 7. Bb3 a6 
8. Re1 Ba7 9. h3 h6 10. Nbd2 Re8 11. Nf1 Be6 12. Bc2 d5 13. Qe2 b5 14. Bd2 Qd7 
15. Ng3 d4 16. a4 Bc5 17. Rec1 Qd6 18. Nh4 Ne7 19. Qe1 Bb6 20. Nf3 Nc6 
21. Rab1 Bd7 22. Qe2 Red8 23. Bb3 Rab8 24. axb5 axb5 25. c4 b4 26. Ra1 Ra8 
27. Nh4 Na5 28. Bd1 c5 29. Qf3 Re8 30. Nhf5 Qe6 31. Nf1 Kh8 32. Nh2 h5 33. g4 g6 
34. Nh6 Rf8 35. Qg3 Ng8 0-1

[Event "Wednesday Jan 24 Engine Tour 15 Rd Swiss 12m+1s Starts at 1600hrs ST"]
[Site "Infinity Chess"]
[Date "2018.1.24"]
[Round "6"]
[White "angriff"]
[Black "miguello"]
[Result "1/2-1/2"]
[ECO "E15"]
[WhiteElo "2431"]
[BlackElo "2389"]
[WhiteEngine "Stockfish SL FA POPCNT_CTG"]
[BlackEngine "stockfish_18012314_x64_modern_CTG"]
[EventType "Swiss"]
[WhiteTeam ""]
[BlackTeam ""]
[PlyCount "105"]
[TimeControl "720+1"]

1. d4 Nf6 2. c4 e6 3. Nf3 b6 4. g3 Ba6 5. Qa4 Bb7 6. Bg2 c5 7. O-O cxd4 
8. Nxd4 Bxg2 9. Kxg2 Qc8 10. Bf4 Be7 11. Nc3 a6 12. e4 O-O 13. Qd1 d6 
14. Rc1 Qb7 15. Qf3 Nbd7 16. Rfe1 Rfe8 17. e5 Qxf3+ 18. Nxf3 dxe5 19. Nxe5 Nxe5 
20. Bxe5 b5 21. Red1 h6 22. Rd4 Rec8 23. cxb5 axb5 24. a3 Kf8 25. Bf4 Bc5 
26. Rdd1 g5 27. Bd2 b4 28. Na4 Be7 29. Rxc8+ Rxc8 30. axb4 Nd5 31. b5 Rb8 
32. Nc3 Nxc3 33. Bxc3 Rxb5 34. Ra1 Rb8 35. Be5 Rd8 36. Bc3 h5 37. Kf3 Rb8 
38. Ke2 f6 39. f4 gxf4 40. gxf4 f5 41. Ra6 Kf7 42. Ra7 Ke8 43. Kf3 Rd8 
44. Ra6 Kf7 45. Ra7 Rb8 46. Be5 Rb3+ 47. Ke2 Kf8 48. Ra8+ Kf7 49. Ra7 Ke8 
50. Ra6 Kd7 51. Ra7+ Ke8 52. Ra6 Kf7 53. Ra7 1/2-1/2

[Event "Wednesday Jan 24 Engine Tour 15 Rd Swiss 12m+1s Starts at 1600hrs ST"]
[Site "Infinity Chess"]
[Date "2018.1.24"]
[Round "6"]
[White "RonWeasley"]
[Black "hafaba"]
[Result "1/2-1/2"]
[ECO "B00"]
[WhiteElo "2521"]
[BlackElo "2438"]
[WhiteEngine "BrainFish 130117_CTG"]
[BlackEngine "Stockfish SL FA POPCNT_CTG"]
[EventType "Swiss"]
[WhiteTeam ""]
[BlackTeam ""]
[PlyCount "249"]
[TimeControl "720+1"]

1. e4 Nc6 2. Nc3 e5 3. g3 Bc5 4. Na4 d6 5. d3 f5 6. Nxc5 dxc5 7. Qh5+ g6 
8. Qe2 Nd4 9. Qd1 Qd6 10. Bg2 Nf6 11. Nf3 fxe4 12. Nxd4 cxd4 13. dxe4 O-O 
14. O-O Be6 15. Bh6 Rf7 16. h3 Nh5 17. b3 b5 18. Qd3 Rb8 19. f4 exf4 20. g4 Ng3 
21. e5 Qc5 22. Rxf4 Rxf4 23. Bxf4 Qc3 24. Qxc3 Ne2+ 25. Kf2 Nxc3 26. Bg5 c5 
27. Kg3 a5 28. Rf1 Rf8 29. Re1 b4 30. Bh6 Rf7 31. Bc6 Re7 32. Rf1 Rf7 
33. Re1 Kh8 34. Kh4 Rc7 35. Bg2 Kg8 36. Kg5 Rf7 37. Bc6 Rf2 38. Kh4 Rf7 
39. Kg5 Rf2 40. Kh4 Re2 41. Rxe2 Nxe2 42. Bg5 Nc3 43. Bd8 Nxa2 44. Bxa5 d3 
45. cxd3 Nc1 46. Bb6 Nxd3 47. Kg5 Nxe5 48. Bb5 c4 49. Kf6 cxb3 50. Kxe5 b2 
51. Bd3 Ba2 52. Kd4 b1=Q 53. Bxb1 Bxb1 54. Kc4 Kf7 55. Kxb4 Be4 56. Kc5 Bg2 
57. h4 Ke6 58. g5 Bb7 59. Kb4 Bg2 60. Ba5 Ba8 61. Kc3 Bb7 62. Kd3 Ke5 
63. Bc3+ Kf4 64. Kd4 Kg4 65. Ba5 Bh1 66. Bc3 Kxh4 67. Ba5 Kxg5 68. Ke3 Kg4 
69. Bb4 g5 70. Be7 Bg2 71. Kf2 Ba8 72. Ke1 h6 73. Bf8 h5 74. Be7 h4 75. Kf2 Bd5 
76. Bf6 Be4 77. Be7 Bd5 78. Bd8 Bc6 79. Be7 Bf3 80. Ba3 Bd5 81. Be7 Be4 
82. Ke2 Kh5 83. Kf2 Kg4 84. Ke2 Kf5 85. Kf2 Bd5 86. Bd6 Bc4 87. Bc7 Kg4 
88. Bd8 Bf7 89. Bf6 Be6 90. Be7 Kf5 91. Kg2 Kg6 92. Bc5 Kf5 93. Bg1 Kg4 
94. Bb6 Ba2 95. Bc7 Bd5+ 96. Kh2 Ba2 97. Be5 Be6 98. Kg2 Bd5+ 99. Kh2 Bc6 
100. Bf6 Bd7 101. Bd4 Kf4 102. Bf6 Kf5 103. Bg7 g4 104. Bh6 Kg6 105. Bf4 Be6 
106. Bd6 Kg5 107. Be7+ Kh5 108. Bd6 Ba2 109. Be5 Kg5 110. Bd6 Bb1 111. Be7+ Kh5 
112. Bd6 Bh7 113. Be5 Bg6 114. Bd6 Bd3 115. Bc7 Bg6 116. Bd6 Be4 117. Be5 Bd5 
118. Bd6 Be6 119. Bc7 Kg6 120. Bd6 Kf6 121. Bc7 Kg5 122. Bd8+ Kh5 123. Bc7 Bf7 
124. Bd6 Bc4 125. Bf4 1/2-1/2

[Event "Wednesday Jan 24 Engine Tour 15 Rd Swiss 12m+1s Starts at 1600hrs ST"]
[Site "Infinity Chess"]
[Date "2018.1.24"]
[Round "5"]
[White "Satria_Ungu"]
[Black "SkyPilot"]
[Result "1/2-1/2"]
[ECO "E20"]
[WhiteElo "2377"]
[BlackElo "2467"]
[WhiteEngine "Houdini 6"]
[BlackEngine "stockfish_x64_bmi2_2018_01_13_CTG"]
[EventType "Swiss"]
[WhiteTeam ""]
[BlackTeam ""]
[PlyCount "138"]
[TimeControl "720+1"]

1. d4 Nf6 2. c4 e6 3. Nc3 d5 4. Nf3 c6 5. Bg5 h6 6. Bxf6 Qxf6 7. e3 Nd7 
8. Bd3 dxc4 9. Bxc4 g6 10. O-O Bg7 11. a4 a5 12. Qd3 O-O 13. Rfd1 Qe7 14. e4 e5 
15. d5 Qb4 16. b3 Nb6 17. h3 Rd8 18. Rac1 Bd7 19. Nd2 Bf6 20. Qg3 Kg7 
21. Nf1 Nxc4 22. bxc4 Qxc4 23. Ne3 Qa6 24. h4 h5 25. Rd2 Bc8 26. f4 Qb6 
27. fxe5 Bxh4 28. Qf4 Re8 29. Rf1 Rf8 30. e6 Qd8 31. dxc6 Qg5 32. cxb7 Bxb7 
33. Rd7 Qxf4 34. Rxf4 Bc8 35. Rxh4 Bxd7 36. exd7 Ra7 37. e5 Rxd7 38. Nc4 Rfd8 
39. Nd6 f6 40. Rc4 fxe5 41. Nde4 Rd3 42. Nc5 R3d6 43. Nb7 Rd4 44. Rc6 Rb8 
45. Nxa5 Rbb4 46. Rc5 Rg4 47. Rxe5 Rb2 48. Ne2 Rxa4 49. Nc6 Rb1+ 50. Kf2 Rb2 
51. Rd5 h4 52. Ncd4 Raa2 53. Re5 Kf6 54. Re3 Ra1 55. Rf3+ Kg7 56. Rf4 g5 
57. Re4 Raa2 58. Kf3 Ra5 59. Kg4 Kf6 60. Nf3 Kg6 61. Re6+ Kf7 62. Nfd4 Kf8 
63. Kh5 Kg7 64. Nf3 Kf7 65. Nxg5+ Rxg5+ 66. Kxg5 Kxe6 67. Nf4+ Kd6 68. Kxh4 Rb5 
69. g4 Ke5 1/2-1/2